[Event "Titled Tuesday Blitz May 31 Early 2022"]
[White "Terry, Renato"]
[Black "Omariev, Maksim"]
[WhiteFideId "3803457"]
[BlackFideId "4193423"]
[WhiteElo "2577"]
[BlackElo "2531"]
[Result "1/2-1/2"]
[Round "01"]
[TimeControl "180+1"]
[Date "2022.05.31"]
[WhiteClock "0:00:05"]
[BlackClock "0:00:03"]

1. e4 c5 2. Nf3 d6 3. Bb5+ Nd7 4. d4 cxd4 5. Qxd4 a6 6. Bxd7+ Bxd7 7. Bg5 Qa5+ 8. Nc3 Rc8 9. O-O-O e6 10. Kb1 Qc5 11. Qxc5 Rxc5 12. Bf4 e5 13. Be3 Rc8 14. Nd5 Nf6 15. Nxf6+ gxf6 16. Nh4 Be7 17. f3 Rg8 18. g4 Rc6 19. Rd2 Bd8 20. Rhd1 Ke7 21. c4 Ba5 22. Rd3 Be6 23. b3 Rgc8 24. Nf5+ Bxf5 25. exf5 Bb6 26. Bc1 Bd4 27. f4 b5 28. cxb5 axb5 29. Ba3 Rc2 30. R3d2 Rxd2 31. Rxd2 Rc3 32. g5 Rf3 33. gxf6+ Kxf6 34. Bxd6 Rxf4 35. a4 bxa4 36. bxa4 Kxf5 37. Kc2 Ke6 38. Ba3 Be3 39. Rd3 Bg1 40. Kb3 Bxh2 41. Rd6+ Kf5 42. Rh6 Bg1 43. Rxh7 Rf3+ 44. Ka2 Bd4 45. Rxf7+ Ke4 46. Rb7 Kd5 47. a5 Kc4 48. a6 Rf2+ 49. Kb1 Rf3 50. Bc1 Rb3+ 51. Kc2 Rxb7 52. axb7 Ba7 53. Bb2 Kd5 54. Kd3 Kc6 55. Ke2 Kxb7 56. Bxe5 1/2-1/2


[Site "https://www.chess.com"]

[Event "Titled Tuesday Blitz May 31 Early 2022"]
[White "Tymrakiewicz, Rafal"]
[Black "Costachi, Mihnea"]
[WhiteFideId "1108832"]
[BlackFideId "1217518"]
[WhiteElo "2205"]
[BlackElo "2476"]
[Result "0-1"]
[Round "01"]
[TimeControl "180+1"]
[Date "2022.06.01"]
[WhiteClock "0:00:01"]
[BlackClock "0:00:43"]

1. e4 g6 2. d4 Bg7 3. Nc3 d6 4. h3 Nc6 5. Be3 e5 6. d5 Nce7 7. g4 f5 8. f3 Nf6 9. Bc4 O-O 10. Qd2 a6 11. a4 Bd7 12. a5 Kh8 13. Nge2 c6 14. gxf5 cxd5 15. Nxd5 Nexd5 16. Bxd5 gxf5 17. Bxb7 Rb8 18. Bb6 Qe7 19. Bd5 fxe4 20. fxe4 Nxe4 21. Bxe4 Qh4+ 22. Kd1 Qxe4 23. Re1 d5 24. Ra3 d4 25. Nxd4 Qh4 26. Nf3 Qh5 27. Qg5 Qxg5 28. Nxg5 Bc6 29. Kc1 Bh6 30. h4 Rf4 31. Kb1 e4 32. Rc3 Bd5 33. Rc7 Rb7 34. Bd4+ Kg8 35. Rxb7 Bxb7 36. Rg1 Bxg5 37. hxg5 Kf7 38. Rh1 Kg6 39. Rh6+ Kf5 40. Rxh7 Bd5 41. b3 Rf1+ 42. Kb2 Kxg5 43. Be3+ Kg4 44. Rg7+ Kf3 45. Rg5 Rd1 46. Bb6 e3 47. Rf5+ Ke4 48. Rf8 e2 49. Re8+ Kf3 50. Rf8+ Kg2 51. Bf2 Bf3 0-1


[Site "https://www.chess.com"]

[Event "Titled Tuesday Blitz May 31 Early 2022"]
[White "Urbina Perez, Juan Antonio"]
[Black "Sjugirov, Sanan"]
[WhiteFideId "2217368"]
[BlackFideId "4189302"]
[WhiteElo "2192"]
[BlackElo "2602"]
[Result "0-1"]
[Round "01"]
[TimeControl "180+1"]
[Date "2022.05.31"]
[WhiteClock "0:00:11"]
[BlackClock "0:00:07"]

1. e4 g6 2. d4 d6 3. Nf3 Nf6 4. Bd3 Bg7 5. O-O O-O 6. h3 Nc6 7. d5 Nb8 8. c4 a5 9. Nc3 Na6 10. Be3 e5 11. dxe6 Bxe6 12. Nd5 Nd7 13. Bd4 Bxd5 14. exd5 Nac5 15. Bxg7 Kxg7 16. Bc2 Qf6 17. Qd4 a4 18. Qxf6+ Kxf6 19. Rfe1 Rfe8 20. Kf1 Ne5 21. Nxe5 Rxe5 22. Rxe5 dxe5 23. f3 Ke7 24. Ke2 Kd6 25. Kd2 f5 26. Re1 b5 27. b4 axb3 28. axb3 b4 29. Kc1 Ra1+ 30. Kd2 Ra2 31. Kc1 Ra1+ 32. Kd2 Ra3 33. Rb1 Ra2 34. Kc1 e4 35. fxe4 fxe4 36. Rb2 Rxb2 37. Kxb2 Ke5 38. Kc1 Kd4 39. Kd2 g5 40. g3 h6 41. h4 gxh4 42. gxh4 Nd7 43. Bd1 e3+ 44. Ke2 Nf6 45. Bc2 Ng4 46. Bf5 Ne5 47. Bh7 Nd7 48. Bf5 Nc5 49. Bc2 Kc3 50. Bd1 Kd4 51. Bc2 Nb7 52. Bf5 Nd6 53. Bc2 Ne8 54. Bf5 Nf6 55. Bg6 Ng4 56. Bf5 Ne5 57. Bc2 Nf7 58. Bg6 Nd6 59. Bh7 Nb7 60. Bg6 Kc3 61. Kxe3 Nc5 62. Bh7 Nxb3 63. Ke4 Nc5+ 64. Ke5 Kxc4 65. d6 cxd6+ 66. Kxd6 b3 67. Ke5 Nd3+ 68. Ke4 Kc3 69. Ke3 Ne5 70. Be4 b2 71. Bb1 Nc4+ 72. Kf4 Na3 73. Ba2 Kc2 74. Kg4 Kc1 75. Kh5 Nb5 76. Kxh6 Nc3 77. Bb1 Nxb1 78. Kg7 Nc3 79. h5 b1=Q 80. h6 Qb7+ 81. Kg8 Nd5 82. h7 Nf6+ 83. Kf8 Nxh7+ 0-1


[Site "https://www.chess.com"]

[Event "Titled Tuesday Blitz May 31 Early 2022"]
[White "Vidit, Santosh Gujrathi"]
[Black "Wagner, Dinara"]
[WhiteFideId "5029465"]
[BlackFideId "24157570"]
[WhiteElo "2654"]
[BlackElo "2216"]
[Result "1-0"]
[Round "01"]
[TimeControl "180+1"]
[Date "2022.05.31"]
[WhiteClock "0:00:12"]
[BlackClock "0:00:15"]

1. d4 Nf6 2. Nf3 d5 3. c4 e6 4. Nc3 dxc4 5. e4 Bb4 6. Bxc4 Nxe4 7. O-O Nf6 8. a3 Be7 9. Re1 O-O 10. Bf4 c5 11. d5 exd5 12. Nxd5 Nxd5 13. Qxd5 Nc6 14. Qh5 Bf6 15. Ng5 Bxg5 16. Bxg5 Qc7 17. Bd3 f5 18. Re3 Qf7 19. Qxf7+ Kxf7 20. Bc4+ Kg6 21. Rg3 f4 22. Bxf4+ Kf5 23. Bd6 Re8 24. Rxg7 Nd4 25. Bxc5 Be6 26. Bd3+ Ke5 27. Rg5+ Nf5 28. Re1+ Kf6 29. f4 Rad8 30. Rxe6+ Rxe6 31. Rxf5+ Kg7 32. Rg5+ Kf6 33. Bf1 Rd1 34. Bb4 b6 35. Bc3+ Kf7 36. Re5 Rc6 37. g3 a5 38. Kf2 Kf8 39. Be2 Rb1 40. h4 Rh1 41. Bf3 Rh2+ 42. Kg1 Rc2 43. Bxc6 Kf7 44. Bd5+ 1-0


[Site "https://www.chess.com"]

[Event "Titled Tuesday Blitz May 31 Early 2022"]
[White "Xiong, Jeffery"]
[Black "Milosevic, Milos"]
[WhiteFideId "2047640"]
[BlackFideId "964875"]
[WhiteElo "2727"]
[BlackElo "2194"]
[Result "1-0"]
[Round "01"]
[TimeControl "180+1"]
[Date "2022.05.31"]
[WhiteClock "0:02:12"]
[BlackClock "0:01:16"]

1. c4 Nf6 2. Nc3 e6 3. e4 d5 4. e5 Nfd7 5. d4 dxc4 6. Bxc4 Nb6 7. Bd3 c5 8. dxc5 Bxc5 9. Nf3 Nc6 10. Bg5 Be7 11. Bxe7 Qxe7 12. O-O O-O 13. Qe2 Rd8 14. Rfd1 Nb4 15. Bxh7+ Kxh7 16. Qe4+ Kg8 17. Rxd8+ Qxd8 18. Qxb4 Bd7 19. Rd1 g6 20. Qf4 Kg7 21. h4 Qe7 22. h5 Rh8 23. hxg6 fxg6 24. Rd6 Rh5 25. Ne4 Nd5 26. Qf6+ Nxf6 27. exf6+ Kf7 28. fxe7 Kxe7 29. Rxd7+ Kxd7 30. Nf6+ Ke7 31. Nxh5 1-0


[Site "https://www.chess.com"]

[Event "Titled Tuesday Blitz May 31 Early 2022"]
[White "Yuan, Qingyu"]
[Black "Sliwicki, Damian"]
[WhiteFideId "8609772"]
[BlackFideId "1127128"]
[WhiteElo "2359"]
[BlackElo "2125"]
[Result "1-0"]
[Round "01"]
[TimeControl "180+1"]
[Date "2022.06.01"]
[WhiteClock "0:00:20"]
[BlackClock "0:00:18"]

1. e4 c5 2. Nf3 g6 3. Bc4 Bg7 4. c3 Nc6 5. d4 cxd4 6. cxd4 d6 7. Nc3 Nf6 8. h3 O-O 9. O-O Nxe4 10. Bxf7+ Rxf7 11. Nxe4 h6 12. d5 Ne5 13. Nxe5 dxe5 14. Be3 Bf5 15. Nc3 Rc8 16. Qb3 b6 17. Rfd1 Kh7 18. d6 e6 19. Rd2 e4 20. Rad1 Be5 21. Nb5 Qh4 22. Bd4 Bxd4 23. Nxd4 Rcf8 24. Nc6 e3 25. Qxe3 Be4 26. Ne5 Rf5 27. d7 Rg5 28. Ng4 Rxg4 29. hxg4 Qxg4 30. Qg3 1-0


[Site "https://www.chess.com"]

[Event "Titled Tuesday Blitz May 31 Early 2022"]
[White "Zhigalko, Sergei"]
[Black "Przybylski, Wojciech"]
[WhiteFideId "13502956"]
[BlackFideId "1117599"]
[WhiteElo "2662"]
[BlackElo "2133"]
[Result "1-0"]
[Round "01"]
[TimeControl "180+1"]
[Date "2022.05.31"]
[WhiteClock "0:00:05"]
[BlackClock "0:00:03"]

1. e4 e5 2. Nf3 Nf6 3. d4 Nxe4 4. Bd3 d5 5. Nxe5 Nd7 6. Nxd7 Bxd7 7. O-O Bd6 8. c4 c6 9. Nc3 Nxc3 10. bxc3 O-O 11. Qf3 dxc4 12. Bxc4 Qh4 13. h3 Rae8 14. Rb1 b5 15. Bd3 a6 16. a4 Re6 17. axb5 axb5 18. d5 Rf6 19. Qe4 Qxe4 20. Bxe4 cxd5 21. Bxd5 Be5 22. c4 bxc4 23. Bxc4 h6 24. Rd1 Be6 25. Bd3 Bf5 26. Be3 Bxd3 27. Rxd3 Re6 28. g3 h5 29. Kg2 g6 30. Rb7 Rd6 31. Ra3 Bd4 32. Rd3 Be5 33. Rdb3 Bd4 34. Bf4 Re6 35. Rd7 Be5 36. Bh6 Bg7 37. Be3 Be5 38. Rbb7 Rd6 39. Re7 Bf6 40. Rec7 Bd8 41. Rc8 Be7 42. Rcc7 Bd8 43. Rc8 Be7 44. Rc4 Re6 45. Rcc7 Bd6 46. Rd7 Rf6 47. Bg5 Re6 48. Bh6 Rfe8 49. Rxf7 Be5 50. Rfd7 Bf6 51. Be3 Re5 52. Rd6 R5e6 53. Rdd7 Re5 54. Bf4 R5e6 55. Rb5 R6e7 56. Rbd5 Rxd7 57. Rxd7 Re7 58. Rd6 Kf7 59. h4 Rb7 60. Rc6 Rd7 61. Be3 Rb7 62. Kf3 Rb3 63. Kg2 Rb2 64. Rxf6+ 1-0


[Site "https://www.chess.com"]

[Event "Titled Tuesday Blitz May 31 Early 2022"]
[White "Aggelis, Nikolaos"]
[Black "Yuan, Qingyu"]
[WhiteFideId "4213220"]
[BlackFideId "8609772"]
[WhiteElo "2154"]
[BlackElo "2359"]
[Result "0-1"]
[Round "02"]
[TimeControl "180+1"]
[Date "2022.05.31"]
[WhiteClock "0:00:46"]
[BlackClock "0:00:10"]

1. d4 d5 2. Nf3 Nf6 3. Bg5 Ne4 4. Bh4 c5 5. c3 Qb6 6. Qb3 Qxb3 7. axb3 e6 8. e3 Nc6 9. Nbd2 Nxd2 10. Kxd2 Bd7 11. Bb5 f6 12. dxc5 Bxc5 13. b4 Bd6 14. Nd4 Nxd4 15. Bxd7+ Kxd7 16. exd4 a6 17. Bg3 h5 18. Bxd6 Kxd6 19. Rhe1 h4 20. Re3 Rh5 21. b5 Rhh8 22. bxa6 Rxa6 23. Rxa6+ bxa6 24. Re1 Rb8 25. b4 a5 26. bxa5 Rb2+ 27. Ke3 Ra2 28. Rb1 Rxa5 29. Rb6+ Ke7 30. Rb7+ Kf8 31. Rb8+ Kf7 32. Rb7+ Kg6 33. Re7 Ra6 34. h3 Rc6 35. Kd3 Kh6 36. Re8 g6 37. Re7 Kg5 38. Re8 Kf5 39. Rh8 g5 40. g3 hxg3 41. fxg3 Ra6 42. h4 g4 43. h5 Ra1 44. h6 Rg1 45. h7 Rxg3+ 46. Ke2 Rh3 47. Kf2 Ke4 48. Re8 Rxh7 49. Rxe6+ Kf5 50. Rd6 Rh2+ 51. Kg3 Rh3+ 52. Kg2 Rxc3 53. Rxd5+ Kf4 54. Ra5 Rc2+ 55. Kf1 Rd2 56. d5 f5 57. Ke1 Rd4 58. Ke2 Ke4 59. Ra8 Rxd5 60. Kf2 Kf4 61. Ra4+ Kg5 62. Ra8 Re5 63. Rb8 Kf4 64. Rb4+ Re4 65. Rb3 Ra4 66. Rb8 Ra2+ 67. Kf1 Ra3 68. Kf2 g3+ 69. Kg2 Ra2+ 70. Kg1 Kf3 71. Rb3+ Kg4 72. Rc3 f4 73. Rb3 Kh3 74. Rb1 f3 75. Rc1 f2+ 76. Kf1 g2# 0-1


[Site "https://www.chess.com"]

[Event "Titled Tuesday Blitz May 31 Early 2022"]
[White "Ambartsumova, Karina"]
[Black "Guseinov, Gadir"]
[WhiteFideId "4166299"]
[BlackFideId "13401378"]
[WhiteElo "2262"]
[BlackElo "2581"]
[Result "0-1"]
[Round "02"]
[TimeControl "180+1"]
[Date "2022.05.31"]
[WhiteClock "0:00:08"]
[BlackClock "0:00:15"]

1. d4 Nf6 2. Nf3 g6 3. g3 Bg7 4. Bg2 O-O 5. O-O d6 6. b3 Nbd7 7. Bb2 Rb8 8. a4 b6 9. Re1 Bb7 10. Nbd2 a6 11. e4 e5 12. dxe5 Ng4 13. Qc1 Ngxe5 14. Nxe5 dxe5 15. Nc4 Re8 16. Qe3 Qe7 17. Rad1 Rbd8 18. Ba3 Qe6 19. Rd2 Nb8 20. Red1 Rxd2 21. Qxd2 Nc6 22. Qd7 b5 23. Qxe6 Rxe6 24. axb5 axb5 25. Ne3 Bf8 26. Bxf8 Kxf8 27. Rd7 Re7 28. Rxe7 Kxe7 29. Nd5+ Kd6 30. Kf1 Nd4 31. Ne3 Kc5 32. Ke1 f5 33. exf5 Bxg2 34. Nxg2 gxf5 35. Kd2 Nf3+ 36. Ke2 Nxh2 37. Ne3 f4 38. gxf4 exf4 39. Nd1 f3+ 40. Ke3 h5 41. Kf4 Kd4 42. Kg3 Ng4 43. Kxf3 Ne5+ 44. Ke2 h4 45. c4 b4 46. f4 Ng4 47. Kf3 Nf6 48. Nf2 Kc3 49. Ne4+ Nxe4 50. Kxe4 h3 51. Kf3 Kd4 52. Kg3 Ke4 53. c5 h2 54. Kxh2 Kxf4 55. Kg2 Ke4 56. Kf2 Kd4 57. Ke2 Kc3 58. Ke3 Kxb3 59. Kd4 Ka4 60. Kc4 b3 61. Kc3 Ka3 62. c6 b2 63. Kc2 Ka2 0-1


[Site "https://www.chess.com"]

[Event "Titled Tuesday Blitz May 31 Early 2022"]
[White "Andreikin, Dmitry"]
[Black "De Silva, L M S T"]
[WhiteFideId "4158814"]
[BlackFideId "9953698"]
[WhiteElo "2736"]
[BlackElo "1631"]
[Result "1-0"]
[Round "02"]
[TimeControl "180+1"]
[Date "2022.05.31"]
[WhiteClock "0:00:39"]
[BlackClock "0:00:02"]

1. d4 Nf6 2. c4 e6 3. Nf3 d5 4. g3 Be7 5. Bg2 O-O 6. O-O dxc4 7. Qc2 a6 8. a4 Nc6 9. Qxc4 Na5 10. Qc2 b6 11. Rd1 Bb7 12. Nc3 Qe8 13. Bg5 Rd8 14. e3 c5 15. dxc5 bxc5 16. h4 h6 17. Bf4 Nd5 18. Nxd5 Bxd5 19. Bc7 Bb3 20. Rxd8 Bxd8 21. Qxc5 Bxc7 22. Qxc7 Qd8 23. Qc5 Bxa4 24. Qc3 Nb7 25. Nd4 e5 26. Nf5 Nd6 27. Nxg7 Nb5 28. Qxe5 f6 29. Qe6+ Kxg7 30. Qg4+ Kh8 31. Qxa4 Qd2 32. Qxa6 Qxb2 33. Rd1 Nc3 34. Rd7 Qb1+ 35. Kh2 Ne2 36. Qxe2 Qg6 37. Qd3 Qxd3 38. Rxd3 h5 39. Rd5 f5 40. Bh3 f4 41. Rxh5+ Kg7 42. exf4 Rf6 43. Rg5+ Kh7 44. Bf5+ Kh8 45. Bg6 Rd6 46. f5 Rd8 47. f6 Rf8 48. Rh5+ Kg8 49. Rf5 Kh8 50. g4 Kg8 51. g5 Rb8 52. Re5 Rf8 53. h5 Kh8 54. Re8 Rxe8 55. Bxe8 Kh7 56. f7 1-0


[Site "https://www.chess.com"]

[Event "Titled Tuesday Blitz May 31 Early 2022"]
[White "Arabidze, Meri"]
[Black "Zhigalko, Sergei"]
[WhiteFideId "13604040"]
[BlackFideId "13502956"]
[WhiteElo "2335"]
[BlackElo "2662"]
[Result "0-1"]
[Round "02"]
[TimeControl "180+1"]
[Date "2022.05.31"]
[WhiteClock "0:00:18"]
[BlackClock "0:01:31"]

1. c4 e5 2. Nc3 Nf6 3. g3 c6 4. Nf3 d6 5. Bg2 Be7 6. O-O O-O 7. d3 h6 8. Rb1 Be6 9. b4 Nbd7 10. a4 d5 11. cxd5 cxd5 12. d4 e4 13. Ne5 Rc8 14. Nxd7 Qxd7 15. Bd2 Rc4 16. e3 Rfc8 17. Nb5 a6 18. Na3 R4c7 19. Qb3 Bh3 20. Rfc1 h5 21. b5 Bxg2 22. Kxg2 h4 23. bxa6 bxa6 24. Rxc7 Rxc7 25. Nc2 h3+ 26. Kf1 Ng4 27. Kg1 Qf5 28. Rf1 Rxc2 0-1


[Site "https://www.chess.com"]

[Event "Titled Tuesday Blitz May 31 Early 2022"]
[White "Aradhya, Garg"]
[Black "Ilyasli, Ughur"]
[WhiteFideId "25006746"]
[BlackFideId "13416197"]
[WhiteElo "2169"]
[BlackElo "2045"]
[Result "1/2-1/2"]
[Round "02"]
[TimeControl "180+1"]
[Date "2022.06.01"]
[WhiteClock "0:00:26"]
[BlackClock "0:00:03"]

1. d4 Nf6 2. c4 g6 3. g3 Bg7 4. Bg2 O-O 5. Nc3 d6 6. Nf3 Nbd7 7. O-O e5 8. h3 Re8 9. e4 exd4 10. Nxd4 h5 11. Bg5 Ne5 12. b3 c6 13. f4 Ned7 14. f5 Qa5 15. Rc1 Nh7 16. Be3 Nb6 17. g4 d5 18. fxg6 fxg6 19. gxh5 c5 20. hxg6 Nf8 21. Qh5 cxd4 22. Rxf8+ Kxf8 23. Bg5 Re5 24. Rf1+ Ke8 25. Qh7 dxc3 26. Qxg7 Qc5+ 27. Kh1 Rxg5 28. Rf7 Nd7 29. Qg8+ Nf8 30. g7 Rxg7 31. Qxg7 Be6 32. Rf1 c2 33. exd5 Qe3 34. Qb2 Qd2 35. dxe6 Nxe6 36. Qh8+ Kd7 37. Qxa8 c1=Q 38. Qxb7+ Ke8 39. Qc6+ Ke7 40. Rxc1 Qxc1+ 41. Kh2 Qf4+ 42. Kg1 Qe3+ 43. Kf1 Qc1+ 44. Kf2 Qd2+ 45. Kg1 Qe3+ 46. Kh1 Qc1+ 47. Kh2 Qf4+ 48. Kg1 Qe3+ 1/2-1/2


[Site "https://www.chess.com"]

[Event "Titled Tuesday Blitz May 31 Early 2022"]
[White "Atakhan, Abtin"]
[Black "Kollars, Dmitrij"]
[WhiteFideId "22502203"]
[BlackFideId "12909572"]
[WhiteElo "2094"]
[BlackElo "2584"]
[Result "1-0"]
[Round "02"]
[TimeControl "180+1"]
[Date "2022.05.31"]
[WhiteClock "0:01:27"]
[BlackClock "0:00:40"]

1. d4 d5 2. c4 e6 3. Nf3 Nf6 4. Nc3 dxc4 5. e4 Bb4 6. Bxc4 Nxe4 7. O-O Nf6 8. Qa4+ Nc6 9. Ne5 Rb8 10. Nxc6 bxc6 11. Qxc6+ Bd7 12. Qf3 h6 13. Be3 O-O 14. Rfd1 Qe7 15. Rac1 Rfd8 16. Ne4 Nxe4 17. Qxe4 Bd6 18. Bd3 f5 19. Qf3 Rxb2 20. Bc4 Ba4 21. Re1 Bc2 22. Qe2 Qh4 23. g3 Qh3 24. Rxc2 Rxc2 25. Qxc2 f4 26. Bxf4 1-0


[Site "https://www.chess.com"]

[Event "Titled Tuesday Blitz May 31 Early 2022"]
[White "Bacrot, Etienne"]
[Black "Hasangatin, Ramil"]
[WhiteFideId "605506"]
[BlackFideId "4122160"]
[WhiteElo "2673"]
[BlackElo "2399"]
[Result "1-0"]
[Round "02"]
[TimeControl "180+1"]
[Date "2022.05.31"]
[WhiteClock "0:00:50"]
[BlackClock "0:00:04"]

1. Nf3 d5 2. g3 Nc6 3. Bg2 e5 4. d3 Nf6 5. O-O h6 6. Nbd2 Be6 7. e4 Bd6 8. exd5 Bxd5 9. Re1 O-O 10. b3 Re8 11. Bb2 a5 12. a3 Qd7 13. c4 Be6 14. Qc2 Bf5 15. c5 Bf8 16. Ne4 Nxe4 17. dxe4 Bg4 18. Rad1 Qe6 19. Rd5 f6 20. Nh4 Ne7 21. Rd3 Qf7 22. f4 exf4 23. gxf4 Be6 24. f5 Bc8 25. Qf2 Kh7 26. Rg3 Nc6 27. Bf1 Ne5 28. Ng6 b6 29. Bxe5 fxe5 30. Bc4 Qf6 31. Nxf8+ Qxf8 32. cxb6 cxb6 33. Qxb6 Qf6 34. Qxf6 gxf6 35. Rg6 Rf8 36. Re3 1-0


[Site "https://www.chess.com"]

[Event "Titled Tuesday Blitz May 31 Early 2022"]
[White "Bagrationi, Alexander"]
[Black "Pranav, V"]
[WhiteFideId "14104954"]
[BlackFideId "25060783"]
[WhiteElo "2502"]
[BlackElo "2349"]
[Result "0-1"]
[Round "02"]
[TimeControl "180+1"]
[Date "2022.05.31"]
[WhiteClock "0:00:33"]
[BlackClock "0:02:31"]

1. d4 Nf6 2. c4 e6 3. Nf3 b6 4. a3 Ba6 5. Nbd2 c5 6. g3 Nc6 7. dxc5 bxc5 8. Bg2 Be7 9. O-O O-O 10. b3 d5 11. cxd5 exd5 12. Qc2 Rc8 13. Re1 Re8 14. Bb2 Bf8 15. Rad1 Nd4 16. Nxd4 cxd4 17. Qb1 Bxe2 18. Rc1 Rxc1 19. Qxc1 d3 20. Qc6 Re6 21. Qb5 Ne4 22. Nxe4 dxe4 23. Rxe2 dxe2 24. Qxe2 Qd3 0-1


[Site "https://www.chess.com"]

[Event "Titled Tuesday Blitz May 31 Early 2022"]
[White "Barria Zuniga, Daniel"]
[Black "Oparin, Grigoriy"]
[WhiteFideId "3400816"]
[BlackFideId "24125890"]
[WhiteElo "2414"]
[BlackElo "2665"]
[Result "0-1"]
[Round "02"]
[TimeControl "180+1"]
[Date "2022.05.31"]
[WhiteClock "0:00:46"]
[BlackClock "0:01:38"]

1. d4 e6 2. c4 b6 3. Nf3 Bb7 4. g3 Bb4+ 5. Nbd2 Bxf3 6. exf3 Nf6 7. a3 Bxd2+ 8. Bxd2 O-O 9. Rc1 d5 10. c5 bxc5 11. dxc5 a5 12. b4 axb4 13. axb4 e5 14. Be2 Nc6 15. O-O Rb8 16. Rb1 Nd4 17. Bc3 Nxe2+ 18. Qxe2 d4 19. Bd2 Re8 20. Qc4 c6 21. Rfe1 Qd5 22. Qxd5 Nxd5 23. Kf1 f6 24. Ke2 Kf7 25. Kd3 Rb7 26. f4 Ra7 27. fxe5 fxe5 28. f4 Ra3+ 29. Kc4 Ne3+ 30. Bxe3 Rc3# 0-1


[Site "https://www.chess.com"]

[Event "Titled Tuesday Blitz May 31 Early 2022"]
[White "Boder, Jan"]
[Black "Cherniaiev, Tykhon"]
[WhiteFideId "16243226"]
[BlackFideId "14182360"]
[WhiteElo "2064"]
[BlackElo "2289"]
[Result "1-0"]
[Round "02"]
[TimeControl "180+1"]
[Date "2022.06.01"]
[WhiteClock "0:00:10"]
[BlackClock "0:00:21"]

1. c4 e5 2. g3 Nf6 3. Bg2 d5 4. cxd5 Nxd5 5. Nc3 Nb6 6. Nf3 Nc6 7. O-O Be6 8. Rb1 Be7 9. b4 Bxb4 10. Nxe5 Nxe5 11. Rxb4 Nc6 12. Rh4 Qe7 13. Qc2 Rd8 14. Rxh7 O-O 15. Qe4 Rd4 16. Qc2 g6 17. Rh4 Rxh4 18. gxh4 Qxh4 19. Qe4 Qf6 20. Bb2 Nc4 21. Ba1 Nxd2 22. Qe3 Nxf1 23. Bxf1 Qd4 24. Qh6 Qg4+ 25. Bg2 Rd8 26. Nd5 f6 27. Nxf6+ Kf7 28. Nxg4 Rd1+ 29. Bf1 Bxg4 30. Qg7+ Ke8 31. Qxg6+ Ke7 32. Bf6+ Ke6 33. Bh4+ Kd7 34. Qxg4+ Kd6 35. Bg3+ Kc5 36. h4 Rd4 37. Qg7 Rd5 38. h5 Rxh5 39. e3 Rd5 40. Qc3+ Kb6 41. Bc4 Rc5 42. Qb3+ Ka5 43. Qa3+ Kb6 44. Bb3 Na5 45. Qb4+ Rb5 46. Bxc7+ Ka6 47. Bc4 Nxc4 48. Qxc4 b6 49. a4 Kb7 50. axb5 a5 51. Qc6+ Kc8 52. Bxb6+ Kb8 53. Qc7+ Ka8 54. Qa7# 1-0


[Site "https://www.chess.com"]

[Event "Titled Tuesday Blitz May 31 Early 2022"]
[White "Brodowski, Piotr"]
[Black "Svane, Rasmus"]
[WhiteFideId "1124480"]
[BlackFideId "4657101"]
[WhiteElo "2431"]
[BlackElo "2674"]
[Result "0-1"]
[Round "02"]
[TimeControl "180+1"]
[Date "2022.05.31"]
[WhiteClock "0:00:14"]
[BlackClock "0:00:29"]

1. c4 Nf6 2. Nc3 e6 3. Nf3 b6 4. g3 Bb7 5. Bg2 Bb4 6. O-O O-O 7. Qc2 a5 8. a3 Bxc3 9. Qxc3 a4 10. d3 d6 11. e4 Nbd7 12. h3 Nc5 13. Be3 Qe7 14. Rad1 Nfd7 15. Nd2 e5 16. f4 exf4 17. Bxf4 f5 18. Rde1 Rae8 19. h4 h6 20. exf5 Qxe1 21. Rxe1 Rxe1+ 22. Kf2 Rfe8 23. Bxb7 R8e2+ 24. Kf3 Nxb7 25. Ne4 Nbc5 26. Nxc5 bxc5 27. Qa5 Nf6 28. Qxc7 Rxb2 29. Qxd6 Rf1+ 30. Ke3 Ng4+ 31. Ke4 Nf6+ 32. Ke3 Re1+ 33. Kf3 Rb3 34. Be5 Rf1+ 35. Ke3 Ng4+ 36. Ke2 Rf2+ 0-1


[Site "https://www.chess.com"]

[Event "Titled Tuesday Blitz May 31 Early 2022"]
[White "Chigaev, Maksim"]
[Black "Agasarov, Benik"]
[WhiteFideId "4108116"]
[BlackFideId "13314823"]
[WhiteElo "2457"]
[BlackElo "2597"]
[Result "1-0"]
[Round "02"]
[TimeControl "180+1"]
[Date "2022.05.31"]
[WhiteClock "0:00:05"]
[BlackClock "0:00:02"]

1. d4 Nf6 2. c4 e6 3. Nf3 d5 4. Nc3 Bb4 5. Bg5 dxc4 6. e4 c5 7. Bxc4 cxd4 8. Nxd4 Qa5 9. Bb5+ Bd7 10. Bxf6 gxf6 11. O-O Bxc3 12. Bxd7+ Nxd7 13. bxc3 O-O-O 14. Rb1 Nc5 15. Qh5 Qxc3 16. Nb5 Qe5 17. Nxa7+ Kc7 18. Qf3 Rd3 19. Qe2 Rhd8 20. Rfc1 b6 21. g3 Kb7 22. Nb5 Qxe4 23. Qxe4+ Nxe4 24. Rc7+ Kb8 25. Rxf7 Rd1+ 26. Rxd1 Rxd1+ 27. Kg2 Rd2 28. Kf3 Ng5+ 29. Ke3 Nxf7 30. Kxd2 Kb7 31. Nd4 Nd8 32. Ke3 Kc7 33. Ke4 Kd6 34. g4 Nf7 35. f4 h6 36. h4 Nd8 37. h5 Nf7 38. a4 Kd7 39. Nb5 Kc6 40. Kd4 Kd7 41. Nc3 e5+ 42. Ke4 Nd6+ 43. Kf3 exf4 44. Kxf4 Ke6 45. Ne2 Kd5 46. Ng3 Ke6 47. Nf1 Nc4 48. Nh2 Nb2 49. Nf3 Nxa4 50. Nd4+ Kf7 51. Nf5 Nc5 52. Nxh6+ Kg7 53. Nf5+ Kh7 54. Nd6 Nd7 55. Kf5 Kh6 56. Nb5 Kg7 57. Nd4 Kh7 58. Ke6 Ne5 59. Kf5 Nd7 60. Nb5 Kg7 61. Nc7 Kh7 62. Nd5 Kg7 63. Ke6 Nc5+ 64. Kf5 Nd7 65. Nc7 Kf7 66. h6 Kg8 67. Ne8 Kf7 68. h7 Nf8 69. h8=Q 1-0


[Site "https://www.chess.com"]

[Event "Titled Tuesday Blitz May 31 Early 2022"]
[White "Costachi, Mihnea"]
[Black "Golubev, Mikhail"]
[WhiteFideId "1217518"]
[BlackFideId "14100983"]
[WhiteElo "2476"]
[BlackElo "2374"]
[Result "1-0"]
[Round "02"]
[TimeControl "180+1"]
[Date "2022.05.31"]
[WhiteClock "0:00:42"]
[BlackClock "0:00:02"]

1. e3 g6 2. Nf3 Bg7 3. c4 e5 4. Nc3 d6 5. b3 e4 6. Nd4 c5 7. Nc2 Nc6 8. Bb2 f5 9. d3 exd3 10. Bxd3 Nf6 11. O-O O-O 12. Be2 Qe7 13. Bf3 Ne4 14. Nd5 Qf7 15. Bxg7 Qxg7 16. Na3 Ne5 17. Be2 Be6 18. Qc2 Bxd5 19. cxd5 a6 20. f3 Nc3 21. f4 Nxe2+ 22. Qxe2 Ng4 23. Nc4 Rad8 24. h3 Nf6 25. Qd3 Rfe8 26. Rfe1 Ne4 27. Nd2 Nxd2 28. Qxd2 Re4 29. Rac1 Rde8 30. Rc3 b5 31. Kf2 h6 32. Rd3 Qf6 33. Kg1 Kh7 34. g3 R8e7 35. Kf2 g5 36. fxg5 hxg5 37. Kg2 f4 38. Qf2 Qg6 39. gxf4 gxf4+ 40. Kh2 R4e5 41. Rg1 fxe3 42. Qf8 Qe8 43. Qf6 Rh5 44. Rxe3 1-0


[Site "https://www.chess.com"]

[Event "Titled Tuesday Blitz May 31 Early 2022"]
[White "Daneshvar, Bardiya"]
[Black "Nasir, Zehn"]
[WhiteFideId "12576468"]
[BlackFideId "2613239"]
[WhiteElo "2330"]
[BlackElo "1993"]
[Result "1-0"]
[Round "02"]
[TimeControl "180+1"]
[Date "2022.06.01"]
[WhiteClock "0:01:13"]
[BlackClock "0:00:03"]

1. b3 d5 2. Bb2 Bf5 3. d3 Nf6 4. Nd2 e6 5. g3 c6 6. Bg2 Nbd7 7. e4 Bg6 8. e5 Ng8 9. h4 h5 10. Nh3 Qc7 11. Nf4 Ne7 12. Qe2 Bf5 13. Nxh5 O-O-O 14. Nf4 c5 15. c4 d4 16. b4 Qxe5 17. Nb3 Qxe2+ 18. Kxe2 e5 19. Nd5 Nxd5 20. Bxd5 f6 21. bxc5 Nxc5 22. Nxc5 Bxc5 23. f3 Kc7 24. g4 Bd7 25. Be4 Bc6 26. h5 Bxe4 27. fxe4 Rd6 28. Bc1 Bb4 29. Rb1 Bc3 30. Rb5 Ra6 31. a3 Ra5 32. Rb3 a6 33. Rf1 b5 34. cxb5 Rxb5 35. Rxb5 axb5 36. h6 gxh6 37. Rxf6 h5 38. g5 Kd7 39. g6 Ke7 40. Bg5 Rg8 41. Kf3 Kd7 42. Kg3 Be1+ 43. Kh3 b4 44. axb4 Bxb4 45. Kh4 Bf8 46. Kxh5 Bg7 47. Rf7+ Ke6 48. Kg4 Bf8 49. Rf6+ Kd7 50. Kf5 Bd6 51. Rf7+ Kc6 52. g7 Ra8 53. Bf6 Rg8 54. Bxe5 Bxe5 55. Kxe5 Re8+ 56. Kf6 Rg8 57. e5 Kd5 58. e6 Re8 59. e7 Kc5 60. Rf8 1-0


[Site "https://www.chess.com"]